AoeStats
← Huehnchen3

Oasis

508943441Analyzed
2v2 RM · 8d ago on Sep 24, 2026· 25m 10s· 4 players
Game mode
Random Map
Map size
Medium (4 player)
Population
200
Speed
Normal
Resources
Standard
Victory
Conquest
Starting age
Dark Age
Ending age
Imperial Age
RankedLock teamsTeams togetherTeam positionsShared explorationLock speedFull tech treeHidden civsTurbo modeCheats
Victory
Defeat
1250
+15
🇨🇴 Spanish · Colombia
1191
+17
🇩🇪 Cumans · Germany
1244
-17
🇩🇪 Hindustanis · Germany
1195
-15
wasserk0cher
0:34 Loom
11:56 Feudal Age
13:39 Feudal Age
20:48 Castle Age
22:45 Double-Bit Axe
22:58 Town Watch
25:10 Scale Barding Armor
Huehnchen3
4:12 Loom
11:35 Feudal Age
13:21 Double-Bit Axe
13:19 Horse Collar
15:36 Gold Mining
15:50 Fletching
16:01 Padded Archer Armor
21:42 Padded Archer Armor
24:27 Castle Age
22:27 Stone Mining
23:06 Town Watch
24:34 Crossbowman
25:34 Bodkin Arrow
Risk-adjusted Return 96
4:51 Loom
12:02 Feudal Age
12:41 Double-Bit Axe
12:46 Horse Collar
19:16 Castle Age
17:41 Gold Mining
18:22 Fletching
18:55 Padded Archer Armor
19:19 Crossbowman
19:59 Bodkin Arrow
21:21 Bow Saw
22:08 Heavy Plow
25:22 Leather Archer Armor
molina_229
12:20 Feudal Age
16:18 Castle Age
15:35 Double-Bit Axe
15:34 Horse Collar
16:05 Loom
16:07 Town Watch
23:36 Padded Archer Armor
Connection lost

Rejoining the realm…

Still unreachable

The connection could not be restored.

Session expired

The server has moved on; the page needs a fresh start.